 Dungeon Crawl Stone Soup version 0.17-a0-1545-gc1bb672 (webtiles) character file.

403 sscrono2 the Covert (level 6, -1/39 HPs)
             Began as an Octopode Assassin on July 18, 2015.
             Slain by an orc wizard
             ... wielding a +0 dagger
              (5 damage)
             ... on level 4 of the Dungeon.
             The game lasted 00:06:46 (3432 turns).

sscrono2 the Covert (Octopode Assassin)             Turns: 3432, Time: 00:06:46

Health: -1/39      AC:  1    Str: 10    XL:     6   Next: 86%
Magic:  9/9        EV: 13    Int: 14    God:
Gold:   102        SH:  0    Dex: 15    Spells: 0 memorised, 9 levels left

rFire  . . .     SeeInvis .     a - +2 dagger (freeze)
rCold  . . .     Clarity  .     (no shield)
rNeg   + . .     SustAt   .     (helmet restricted)
rPois  .         Gourm    .     (no amulet)
rElec  .         Spirit   .     j - ring of positive energy
rCorr  .         Warding  .     (no ring)
rMut   .         Stasis   .     (no ring)
MR     .....                    (no ring)
Stlth  +++++.....               (no ring)
                                (no ring)
                                (no ring)
                                (no ring)

@: not resistant to hostile enchantments, quite stealthy
A: almost no armour, amphibious, 8 rings, constrict 8, camouflage 1, gelatinous
body 1
a: no special abilities


You were on level 4 of the Dungeon.
You were completely stuffed.

You visited 1 branch of the dungeon, and saw 4 of its levels.

You collected 102 gold pieces.

Inventory:

Hand weapons
 a - a +2 dagger of freezing (weapon)
 b - a +0 blowgun
Missiles
 c - 20 poisoned needles
 d - 2 curare-tipped needles
Jewellery
 j - a ring of positive energy (left tentacle)
Magical devices
 f - a wand of disintegration (21)
Scrolls
 g - a scroll of fog {unknown}
 i - 2 scrolls of enchant armour {unknown}
 k - 3 scrolls of immolation
 m - 2 scrolls of recharging {unknown}
 o - a scroll of magic mapping {unknown}
 p - 2 scrolls of teleportation {unknown}
 s - 3 scrolls of amnesia {unknown}
Potions
 h - a potion of might
 q - a potion of cure mutation {unknown}
 r - a potion of brilliance {unknown}


   Skills:
 + Level 2.2 Fighting
 * Level 3.4 Short Blades
 * Level 3.2 Throwing
 + Level 2.3 Dodging
 + Level 8.0 Stealth
 * Level 2.1 Spellcasting


You had 9 spell levels left.
You didn't know any spells.

Dungeon Overview and Level Annotations

Branches:
Dungeon (4/15)
 Temple: D:4-7

Altars:
Cheibriados
Elyvilon
Okawaru
Qazlal


Innate Abilities, Weirdness & Mutations

You cannot wear most types of armour.
You are amphibious.
You can wear up to eight rings at the same time.
You can use your tentacles to constrict eight enemies at once.
Your skin changes colour to match your surroundings (Stealth).
Your rubbery body absorbs attacks (AC +1).


Message History

The orc misses you.
You hit something. You freeze something. Something hits you but does no damage.
The orc hits you from afar with a trident!
You miss something. Something completely misses you.
You hit something but do no damage. You squeeze something.
The orc hits you from afar with a trident.
* * * LOW HITPOINT WARNING * * *
You hear some strange, mumbled words.
A puff of flame appears from out of thin air!
The puff of flame misses you.
Drink which item? (? for menu, Esc to quit)
You feel better.
The orc hits you from afar with a trident.
Something hits you.
* * * LOW HITPOINT WARNING * * *
You closely miss something.
The orc hits you from afar with a trident!
* * * LOW HITPOINT WARNING * * *
Something hits you.
You die...

#.#........ ... .# ...#.....###)#
#### .# .............# ..#
.##....#...o(.[.# #.#
#####.......#..#.##<##.#..####.##
.....# #....#.†...........#......
#.##.###..####.##o#.####.##.##<##
#.##.#.......#.##{#.# #.##.##.#
#...............@...# #.......#
####.#.......####.### #......##
##...........# #...# #.##.#.#
.............# #...# ###.##.#.#
##.#.........# #...# #........###
#.#.........###...###.#.......†#
#.#................<).#..#.#.#.#
..#..........................#.#
###..........>........#..#...#.#


You could see an orc.

Vanquished Creatures
  Crazy Yiuf (D:2)
  Ijyb (D:2)
  An orc wizard (D:4)
  4 orc priests
  An iguana (D:2)
  6 adders
  3 oozes
  4 worms
  A giant gecko (D:3)
  7 orcs
  14 bats
  6 giant cockroaches
  13 hobgoblins
  6 kobolds
  5 giant newts
  12 goblins
  7 jackals
  9 rats
101 creatures vanquished.

Notes
Turn   | Place    | Note
--------------------------------------------------------------
     0 | D:1      | sscrono2 the Octopode Assassin began the quest for the Orb.
     0 | D:1      | Reached XP level 1. HP: 14/14 MP: 1/1
   133 | D:1      | Reached XP level 2. HP: 17/19 MP: 2/2
   396 | D:1      | Reached XP level 3. HP: 20/24 MP: 3/3
   637 | D:1      | Reached skill level 6 in Stealth
   948 | D:2      | Found a white marble altar of Elyvilon.
   948 | D:2      | Found a snail-covered altar of Cheibriados.
  1046 | D:2      | Noticed Ijyb
  1053 | D:2      | Killed Ijyb
  1053 | D:2      | Reached skill level 1 in Spellcasting
  1053 | D:2      | Reached XP level 4. HP: 18/29 MP: 5/5
  1240 | D:2      | Reached XP level 5. HP: 34/34 MP: 7/7
  1798 | D:2      | Noticed Crazy Yiuf
  1804 | D:2      | Killed Crazy Yiuf
  2247 | D:3      | Found an iron altar of Okawaru.
  2323 | D:3      | Reached skill level 7 in Stealth
  2344 | D:3      | Found a stormy altar of Qazlal.
  2452 | D:3      | Reached XP level 6. HP: 26/39 MP: 8/8
  3411 | D:4      | Reached skill level 8 in Stealth
  3432 | D:4      | Slain by an orc wizard

Vault maps used:
D:1:      co_arrival_random_square_maze
D:2:      minitemple, uniq_crazy_yiuf_cottage, uniq_iyjb
D:3:      old_standard_altar, lemuel_doored_altar, first_bread,
          grunt_ministairs_7, st_stairs_4

Action                   |  1- 3 |  4- 6 || total
-------------------------+-------+-------++-------
Melee: Dagger            |    72 |   117 ||   189
  Use: Scroll            |       |     4 ||     4
       Potion            |       |     2 ||     2
 Stab: Sleeping          |    16 |    27 ||    43
       Distracted        |       |     1 ||     1
  Eat: Chunk             |       |     2 ||     2
       Bread ration      |       |     3 ||     3
       Beef jerky        |       |     1 ||     1
       Pizza             |       |     1 ||     1
